 Dungeon Crawl Stone Soup version 0.20-a0-550-gf70bbbc (webtiles) character file.

166 Krakonus1 the Cudgeler (level 5, -2/54 HPs)
             Began as an Ogre Berserker on Feb 2, 2017.
             Was a Believer of Trog.
             Slain by a scorpion (3 damage)
             ... on level 3 of the Dungeon.
             The game lasted 00:09:57 (2584 turns).

Krakonus1 the Cudgeler (Ogre Berserker)             Turns: 2584, Time: 00:09:57

Health: -2/54      AC:  4    Str: 22    XL:     5   Next: 47%
Magic:  5/5        EV:  9    Int: 13    God:    Trog [**....]
Gold:   89         SH:  0    Dex:  8    Spells: 4/4 levels left

rFire    . . .     SeeInvis .   a - +0 mace
rCold    . . .     Gourm    .   b - +0 animal skin
rNeg     . . .     Faith    .   (no shield)
rPois    .         Spirit   .   (helmet restricted)
rElec    .         Reflect  .   e - +0 cloak
rCorr    .         Harm     .   (gloves unavailable)
MR       .....                  (boots unavailable)
Stlth    +.........             (no amulet)
Regen    0.2/turn               (no ring)
                                (no ring)

@: brilliant, lethally poisoned (-2 -> -5), exhausted, slowed, heavily drained,
very slow
A: unfitting armour, tough skin 1
a: Berserk, Trog's Hand, Burn Spellbooks, Renounce Religion


You were on level 3 of the Dungeon.
You worshipped Trog.
Trog was pleased with you.
You were very hungry.

You visited 1 branch of the dungeon, and saw 3 of its levels.

You collected 89 gold pieces.

Inventory:

Hand Weapons
 a - a +0 mace (weapon)
 i - a +0 hunting sling
Missiles
 d - 72 stones (quivered)
 m - 30 sling bullets
 s - 27 arrows
Armour
 b - a +0 animal skin (worn)
 e - a +0 cloak (worn)
Jewellery
 r - an uncursed amulet of harm
 v - an uncursed ring of positive energy {unknown}
Wands
 u - a wand of paralysis (9/24)
Scrolls
 f - a scroll of identify
 j - a scroll of random uselessness {unknown}
 o - 2 scrolls of magic mapping
 q - a scroll of remove curse {unknown}
Potions
 h - 2 potions of curing {unknown}
 k - 2 potions of ambrosia {unknown}
 l - a potion of degeneration {unknown}
 p - a potion of brilliance
 t - a potion of lignification {unknown}
Comestibles
 c - 3 bread rations
 g - a meat ration
 n - 2 fruits
 w - 4 chunks of flesh
 x - a royal jelly


   Skills:
 - Level 4.0(2.7) Fighting
 * Level 5.4(4.1) Maces & Flails
 - Level 2.6(1.5) Dodging


You had 4 spell levels left.
You didn't know any spells.

Dungeon Overview and Level Annotations

Branches:
Dungeon (3/15)

Altars:
Ashenzari
Ru
Sif Muna
Uskayaw


Innate Abilities, Weirdness & Mutations

You are too large for most types of armour.
You have tough skin. (AC +1)


Message History

You barely miss the scorpion. The goblin hits you with a dagger.
* * * LOW HITPOINT WARNING * * *
The scorpion completely misses you. The goblin hits you but does no damage.
You hit the scorpion.
The scorpion is lightly wounded.
The scorpion closely misses you. The goblin barely misses you.
The scorpion completely misses you.
You barely miss the scorpion.
The scorpion is lightly wounded.
The goblin barely misses you. The scorpion stings you!
* * * LOW HITPOINT WARNING * * *
You are lethally poisoned!
The scorpion poisons you! The goblin hits you with a dagger.
* * * LOW HITPOINT WARNING * * *
The scorpion closely misses you.
It was a potion of brilliance.
You feel clever all of a sudden.
* * * LOW HITPOINT WARNING * * *
You feel sick. The goblin barely misses you. The scorpion stings you.
You die...

#..........#
#.##<#####.# #.##.#
##.##.#.# ####.......#
#........#.# #.########
#g#....### #@#.##.#..
#s#........#
#####.#.##.#.#..
#.....).##.#.#.#
........#.##.#.#.# #.
###.#.....g#.#.#.#### .
.........g.........## #
###.#.###.##g..#..#..###
...#. #...............


You could see a scorpion and a goblin.

Vanquished Creatures
  Ijyb (D:2)
  Robin (D:3)
  4 adders (D:2)
  2 oozes
  4 worms
  A leopard gecko (D:1)
  2 giant cockroaches (D:2)
  9 hobgoblins
  7 jackals (D:2)
  6 kobolds
  A quokka (D:2)
  6 bats
  5 frilled lizards
  17 goblins
  8 rats
74 creatures vanquished.

Notes
Turn   | Place    | Note
-------+----------+-------------------------------------------
     0 | D:1      | Krakonus1 the Ogre Berserker began the quest for the Orb.
     0 | D:1      | Reached XP level 1. HP: 24/24 MP: 1/1
   125 | D:1      | Reached skill level 3 in Maces & Flails
   186 | D:1      | Reached XP level 2. HP: 31/32 MP: 2/2
   771 | D:1      | Reached XP level 3. HP: 39/39 MP: 3/3
  1166 | D:2      | Reached skill level 4 in Maces & Flails
  1200 | D:2      | Found a shattered altar of Ashenzari.
  1216 | D:2      | Found a sacrificial altar of Ru.
  1375 | D:2      | Noticed Ijyb
  1393 | D:2      | Killed Ijyb
  1393 | D:2      | Reached XP level 4. HP: 48/48 MP: 4/4
  1428 | D:2      | Reached ** piety under Trog
  1605 | D:2      | Found a deep blue altar of Sif Muna.
  2038 | D:2      | Reached skill level 5 in Maces & Flails
  2060 | D:2      | Noticed a dagger
  2060 | D:2      | Noticed a dagger
  2064 | D:2      | Found a hide-covered altar of Uskayaw.
  2069 | D:2      | Reached XP level 5. HP: 54/54 MP: 5/5
  2519 | D:3      | Noticed Robin
  2577 | D:3      | Killed Robin
  2583 | D:3      | HP: 2/54 [goblin/dagger[Robin] (2)]
  2584 | D:3      | Slain by a scorpion

Vault maps used:
D:1:      dpeg_arrival_castle, serial_bayou, serial_bayou_pond_a,
          serial_bayou_ford_a
D:2:      lemuel_crystal_altar, overflow_temple_1_default,
          dancing_weapons_uskayaw, nicolae_ru_path_of_blood, corner_web_ring,
          uniq_iyjb
D:3:      zin_purify, uniq_robin

Skill      XL: |  1  2  3  4 |
---------------+-------------+-----
Maces & Flails | 3 4 5 |  5.4
Fighting       | |  4.0
Dodging        | |  2.6

Action                   |  1- 3 |  4- 6 || total
-------------------------+-------+-------++-------
Melee: Mace              |    89 |   142 ||   231
Throw: Stone             |    10 |     2 ||    12
Invok: Berserk           |     1 |     1 ||     2
Evoke: Wand              |       |     1 ||     1
  Use: Scroll            |     3 |       ||     3
       Potion            |       |     1 ||     1
 Stab: Paralysed         |       |     5 ||     5
  Eat: Chunk             |     2 |     4 ||     6
Armor: Animal skin       |    38 |    55 ||    93
Dodge: Dodged            |    49 |    86 ||   135
